 Dungeon Crawl Stone Soup version 0.19.0-9-gfd783f2 (webtiles) character file.

130 mistymad the Insei (level 5, -1/44 HPs)
             Began as a Naga Transmuter on Nov 7, 2016.
             Slain by a gnoll (6 damage)
             ... on level 1 of the Dungeon.
             The game lasted 00:06:01 (2305 turns).

mistymad the Insei (Naga Transmuter)                Turns: 2305, Time: 00:06:01

Health: -1/44      AC:  3    Str: 10 (12) XL:     5   Next: 13%
Magic:  5/9        EV: 10    Int: 12 (14) God:
Gold:   89         SH:  0    Dex: 12      Spells: 3 memorised, 4 levels left

rFire  . . .     SeeInvis +       - Unarmed
rCold  . . .     Gourm    .     b - +0 robe
rNeg   . . .     Faith    .     (no shield)
rPois  +         Spirit   .     i - +0 helmet
rElec  .         Reflect  .     (no cloak)
rCorr  .         Harm     .     (no gloves)
MR     .....                    (no barding)
Stlth  +.........               (no amulet)
                                (no ring)
                                (no ring)

@: short of breath, very slightly contaminated, very slow
A: see invisible, deformed body, poison resistance, slowness 2, slow metabolism
1, spit poison 1, AC +1
a: Spit Poison


You were on level 1 of the Dungeon.
You were not hungry.

You visited 1 branch of the dungeon, and saw 2 of its levels.

You collected 89 gold pieces.

Inventory:

Missiles
 a - 12 arrows
Armour
 b - a +0 robe (worn)
 i - a +0 helmet (worn)
Jewellery
 h - an uncursed ring of stealth {unknown}
Scrolls
 e - a scroll of teleportation
 k - a scroll of identify
Potions
 f - a potion of agility
 g - a potion of curing
 l - a potion of ambrosia {unknown}
 n - a potion of resistance
Books
 c - a book of Changes

   Spells                             Type                      Level
   a - Beastly Appendage              Transmutation                1
   b - Sticks to Snakes               Transmutation                2
   c - Spider Form                    Transmutation/Poison         3
   d - Ice Form                       Ice/Transmutation            4
   e - Blade Hands                    Transmutation                5
Comestibles
 d - 2 bread rations
 j - 3 fruits
 o - 2 meat rations


   Skills:
 - Level 1.0 Fighting
 - Level 1.5 Dodging
 + Level 4.2 Unarmed Combat
 + Level 3.1 Spellcasting
 + Level 3.1 Transmutations


You had 4 spell levels left.
You knew the following spells:

 Your Spells              Type           Power        Failure   Level  Hunger
a - Beastly Appendage     Tmut           #.....       10%         1    #......
b - Sticks to Snakes      Tmut           #.......     12%         2    ###....
c - Spider Form           Tmut/Pois      #.........   43%         3    ###....


Dungeon Overview and Level Annotations

Branches:
Dungeon (2/15)

Altars:


Innate Abilities, Weirdness & Mutations

You cannot wear boots.
Your serpentine skin is tough. (AC +1)
You have supernaturally acute eyesight. (SInv)
Armour fits poorly on your strangely shaped body.
Your system is resistant to poisons. (rPois)
You cover ground very slowly.
You have a slow metabolism.
You can spit poison.


Message History

The gnoll misses you.
The gnoll hits you from afar with an enchanted spear!
* * * LOW HITPOINT WARNING * * *
You climb upwards.
There is a stone staircase leading down here.
You take 9 damage, and have 14/44 hp.
MASSIVE DAMAGE!!
Unknown command.
Unknown command.
Casting: Spider Form
Confirm with . or Enter, or press ? or * to list all spells.
You miscast Spider Form.
You are very lightly contaminated with residual magic.
You feel faint for a moment. The gnoll hits you!
* * * LOW HITPOINT WARNING * * *
You take 9 damage, and have 5/44 hp.
MASSIVE DAMAGE!!
You now have 5/9 mp.
Press: ? - help, Shift-Dir - straight line, f - gnoll
Aim: a gnoll (severely wounded, poisoned)
The splash of poison misses the gnoll.
You feel slightly more hungry. The gnoll hits you.
You die...

............)......#.##...# #.#.
.#.#####.#.####....#.##...# #.#.
.#.#...............#.##...# #.#.
.#............#....#.##...# #.#.
####.#....................# #.#.
...................#.....## #.#.
.###.#...................#####.#.
.###(###########g..............#.
.#.#(# #@#####........... .#.#รท#
#.#####.#######.#. .#...#####
#............##.#.
.#.......#############.#.##.##.#.
.#...................#.......#.#.
.#.#####.###########.#...#####.#.
.#.#......# #.#.........#.
.#.#....).# #.#..########.
.#.#......# #.#......# #.


You could see a gnoll.

Vanquished Creatures
  Ijyb (D:1)
  Robin (D:2)
  A gnoll (D:2)
  2 adders (D:2)
  A worm (D:2)
  A dart slug (D:1)
  6 hobgoblins
  12 jackals
  3 kobolds (D:1)
  A ball python (D:1)
  4 bats
  4 frilled lizards
  16 goblins
  6 rats
59 creatures vanquished.

Notes
Turn   | Place    | Note
-------+----------+-------------------------------------------
     0 | D:1      | mistymad the Naga Transmuter began the quest for the Orb.
     0 | D:1      | Reached XP level 1. HP: 18/18 MP: 3/3
   203 | D:1      | Reached XP level 2. HP: 22/25 MP: 3/5
   981 | D:1      | Reached XP level 3. HP: 26/31 MP: 4/6
  1265 | D:2      | Noticed Ijyb
  1294 | D:1      | Killed Ijyb
  1294 | D:1      | Reached XP level 4. HP: 16/38 MP: 5/8
  1472 | D:1      | Learned a level 2 spell: Sticks to Snakes
  1476 | D:1      | Learned a level 3 spell: Spider Form
  1500 | D:2      | Noticed Robin
  1512 | D:1      | HP: 1/38 [goblin/dagger[Robin] (3)]
  1901 | D:2      | Killed Robin
  1901 | D:2      | Reached skill level 4 in Unarmed Combat
  2066 | D:2      | Reached XP level 5. HP: 15/44 MP: 1/9
  2305 | D:1      | Slain by a gnoll

Skill      XL: |  1  2  3  4 |
---------------+-------------+-----
Unarmed Combat | 4 |  4.2
Spellcasting   | 3 |  3.1
Transmutations | 3 |  3.1
Fighting       | |  1.0
Dodging        | |  1.5

Action                   |  1- 3 |  4- 6 || total
-------------------------+-------+-------++-------
Melee: Unarmed           |    70 |    80 ||   150
       Headbutt          |    10 |       ||    10
 Cast: Beastly Appendage |    15 |     1 ||    16
       Spider Form       |       |     8 ||     8
 Abil: Spit Poison       |    14 |     9 ||    23
  Use: Potion            |       |     5 ||     5
       Scroll            |       |     4 ||     4
 Stab: Sleeping          |     1 |       ||     1
       Invisible         |       |     2 ||     2
  Eat: Chunk             |     1 |     6 ||     7
Armor: Robe              |    11 |     6 ||    17
       Skin              |       |     6 ||     6
Dodge: Dodged            |    44 |    90 ||   134
